 Dungeon Crawl Stone Soup version 0.29-a0-111-gbaf749a769 (webtiles) character file.

Game seed: 12233260555022565013

4414 lunkers the Cleaver (level 10, -35/70 HPs)
             Began as a Formicid Abyssal Knight on Feb 17, 2022.
             Was a High Priest of Lugonu.
             Annihilated by an enormous slime creature (75 damage)
             ... on level 8 of the Dungeon.
             The game lasted 00:16:52 (9141 turns).

lunkers the Cleaver (Formicid Abyssal Knight)       Turns: 9141, Time: 00:16:52

Health: -35/70     AC: 15    Str: 22    XL:     10   Next: 62%
Magic:  16/16      EV: 10    Int: 10    God:    Lugonu [*****.]
Gold:   434        SH:  0    Dex: 11    Spells: 9/9 levels left

rFire   + + .      SeeInvis +   a - +1 hand axe (venom)
rCold   + . .      Faith    .   (no shield)
rNeg    . . .      Spirit   .   D - +2 scale mail {rPois}
rPois   +          Reflect  .   (helmet unavailable)
rElec   .          Harm     .   u - scarf {rC+ rF+}
rCorr   .          Rampage  .   d - +2 pair of gloves
Will    +....                   (no boots)
Stlth   ..........              (no amulet)
HPRegen 0.21/turn               g - ring of protection from fire
MPRegen 0.15/turn               t - +4 ring of protection

@: no status effects
A: permanent stasis, dig shafts and tunnels, antennae 3, four strong arms
a: Dig, Shaft Self, Renounce Religion, Depart the Abyss, Bend Space, Banish,
Corrupt, Enter the Abyss


You were on level 8 of the Dungeon.
You worshipped Lugonu.
Lugonu was extremely pleased with you.
You visited 1 branch of the dungeon, and saw 8 of its levels.
You visited the Abyss 1 time.
You also visited: Ossuary.

You collected 434 gold pieces.

Inventory:

Hand Weapons
 a - a +1 hand axe of venom (weapon)
 m - a +1 hand axe
Armour
 d - a +2 pair of gloves (worn)
 u - a scarf of resistance (worn)
 z - +0 acid dragon scales
 D - a +2 scale mail of poison resistance (worn)
Jewellery
 e - a ring of poison resistance
 g - a ring of protection from fire (left hand)
 p - a +6 ring of dexterity
 t - a +4 ring of protection (right hand)
 y - a ring of willpower
Scrolls
 b - a scroll of silence {unknown}
 c - 3 scrolls of fog
 f - a scroll of vulnerability {unknown}
 i - a scroll of noise {unknown}
 j - 2 scrolls of fear {unknown}
 o - a scroll of holy word {unknown}
 r - 2 scrolls of amnesia {unknown}
 s - a scroll of summoning {unknown}
 v - 2 scrolls of identify
 w - 3 scrolls of immolation {unknown}
 B - a scroll of brand weapon {unknown}
 C - a scroll of enchant armour {unknown}
Potions
 h - 3 potions of curing
 k - 2 potions of attraction
 x - a potion of magic
 A - a potion of heal wounds


   Skills:
 - Level 3.2 Fighting
 * Level 13.1 Axes
 - Level 2.1 Armour
 - Level 0.8 Dodging
 + Level 8.6 Invocations


You had 9 spell levels left.
You didn't know any spells.
Your spell library contained the following spells:

 Spells                   Type           Power      Damage    Failure   Level
 Shock                    Conj/Air       0%         1d3       69%         1
 Corpse Rot               Necr/Air       0%         N/A       83%         2
 Ensorcelled Hibernation  Hex/Ice        0%         N/A       83%         2
 Passwall                 Tmut/Erth      0%         N/A       83%         2
 Poisonous Vapours        Pois/Air       0%         N/A       83%         2
 Inner Flame              Hex/Fire       0%         N/A       96%         3
 Airstrike                Air            0%         N/A       100%        4
 Animate Armour           Summ/Erth      0%         N/A       100%        4
 Cause Fear               Hex            0%         N/A       100%        4
 Blade Hands              Tmut           0%         N/A       100%        5
 Iron Shot                Conj/Erth      0%         9d1       100%        6
 Discord                  Hex            0%         N/A       100%        8
 Swiftness                Air            Unusable   N/A       N/A         3

Dungeon Overview and Level Annotations

Branches:
Dungeon (8/15)             Temple (0/1) D:4         Ossuary (visited)
   Lair: D:8-11

Altars:
Ashenzari
Gozag
Kikubaaqudgha
Makhleb
Qazlal
Yredelemnul

Shops:
D:3 =

Annotations:
D:2 1 runed translucent door, Crazy Yiuf
D:4 1 runed translucent door


Innate Abilities, Weirdness & Mutations

You cannot be hasted, slowed, berserked, paralysed or teleported.
You can dig through walls and to a lower floor.
You have a pair of large antennae on your head. (SInv)
Your four strong arms can wield two-handed weapons with a shield.


Message History

You slash the orc!
You kill the orc!
Lugonu accepts your kill.
You hit the orc.
The orc is poisoned.
You hit the slime creature but do no damage.
You hit the slime creature. The orc hits you with a +0 trident.
You hit the orc.
You kill the orc!
Lugonu accepts your kill.
You barely miss the orc. You hit the slime creature. x2
Two slime creatures merge to form a large slime creature.
The slime creature hits you!
You hit the slime creature.
The slime creature is lightly wounded.
You hit the large slime creature. You closely miss the orc.
The orc barely misses you.
You hit the slime creature.
The slime creature is moderately wounded.
You closely miss the orc. You slash the large slime creature!
The slime creature hits you but does no damage.
The large slime creature hits you! The orc closely misses you.
Two slime creatures merge to form a very large slime creature.
You hit the very large slime creature.
The very large slime creature is poisoned.
The very large slime creature is lightly wounded.
You hit the slime creature. You hit the orc.
Two slime creatures merge to form an enormous slime creature.
The slime creature hits you.
You slash the orc!
You kill the orc!
Lugonu accepts your kill.
You hit the slime creature but do no damage.
You hit the enormous slime creature. You slash the enormous slime creature!
The enormous slime creature is lightly wounded.
You hit the slime creature. The slime creature hits you!
* * * LOW HITPOINT WARNING * * *
The enormous slime creature hits you!!!!
Ouch! That really hurt!
You die...

#..# ..... ..##
#..#.......#.... .
##.#.......#......#
#.^..._...#...(#.###
#.#.......#..# .....
#.#.......#.. <.....
#.# ..... #.##......
#.####^####.))......
#..........)@J......
#....####...J#......
#....# ###### #####
#>...# ######


You could see an enormous slime creature (very poisoned) and a slime creature.

Vanquished Creatures
  Pikel (D:4)
  Maggie (D:6)
  Grinder (D:5)
  Prince Ribbit (D:5)
  Sigmund (D:5)
  Menkaure (D:6)
  The ghost of dracfodder the Skirmisher, an amateur GrBe of Trog (D:4)
  A water moccasin (D:7)
  A sky beast (D:5)
  An ogre (D:7)
  An ice beast (D:6)
  A centaur (D:5)
  2 kobold brigands
  A phantom (D:6)
  A bullfrog (D:4)
  5 elf zombies (Ossuary)
  Blork the orc (D:4)
  5 scorpions
  A wyvern zombie (D:7)
  A water moccasin zombie (D:6)
  2 water moccasin skeletons (D:6)
  6 centaur zombies
  3 human zombies (Ossuary)
  A bullfrog zombie (D:5)
  A centaur skeleton (D:6)
  3 orc priests
  A jelly (D:5)
  3 iguanas
  6 orc wizards
  A hound skeleton (D:5)
  3 mummies (Ossuary)
  3 gnolls (D:4)
  7 adders
  2 ufetubi
  2 worms
  6 dart slugs
  15 orcs
  4 bats
  8 endoplasms
  8 giant cockroaches
  6 goblins
  6 hobgoblins
  3 quokkas
  7 ball pythons
  A ball python zombie (D:3)
  4 frilled lizards
  A jackal skeleton (D:4)
  19 kobolds
  A quokka skeleton (D:4)
  A quokka zombie (D:3)
  6 rats
  A rat zombie (D:7)
170 creatures vanquished.

Notes
Turn   | Place    | Note
-------+----------+-------------------------------------------
     0 | Abyss:1  | lunkers the Formicid Abyssal Knight began the quest for the
                  | Orb.
     0 | Abyss:1  | Reached XP level 1. HP: 18/18 MP: 2/2
     0 | D:1      | Escaped the Abyss
    86 | D:1      | Reached XP level 2. HP: 19/24 MP: 3/3
   179 | D:1      | Reached * piety under Lugonu
   222 | D:1      | Reached skill level 3 in Axes
   270 | D:1      | You fall into a shaft and drop 1 floor!
   310 | D:2      | Reached XP level 3. HP: 29/29 MP: 4/4
   473 | D:2      | HP: 1/29 [poisoned by an adder]
   790 | D:2      | Reached skill level 4 in Axes
   790 | D:2      | Reached XP level 4. HP: 30/35 MP: 5/5
  1143 | D:2      | Found a runed translucent door.
  1144 | D:2      | Noticed Crazy Yiuf
  1651 | D:1      | Found a faded altar of an unknown god.
  1766 | D:1      | Reached ** piety under Lugonu
  2114 | D:3      | Reached XP level 5. HP: 40/41 MP: 6/6
  2312 | D:3      | Found a basalt altar of Yredelemnul.
  2406 | D:3      | Found Meitanea's Jewellery Boutique.
  2408 | D:3      | Identified the +3 leather armour of Dawn {+Inv Str+4}
  2589 | D:4      | Reached skill level 5 in Axes
  2596 | D:4      | Reached XP level 6. HP: 25/47 MP: 7/7
  2794 | D:4      | Reached skill level 6 in Axes
  2992 | D:4      | Noticed Pikel
  3017 | D:4      | Killed Pikel
  3018 | D:4      | Reached skill level 8 in Axes
  3018 | D:4      | Reached XP level 7. HP: 19/52 MP: 8/8
  3018 | D:4      | Reached XP level 8. HP: 22/58 MP: 9/9
  3261 | D:4      | Found a runed translucent door.
  3276 | D:4      | Noticed dracfodder's ghost (amateur GrBe)
  3303 | D:4      | Found a runed translucent door.
  3306 | D:4      | Reached *** piety under Lugonu
  3355 | D:4      | Found a staircase to the Ecumenical Temple.
  3464 | D:4      | Noticed Blork the orc
  3472 | D:4      | Killed Blork the orc
  3473 | D:4      | Reached skill level 9 in Axes
  3851 | D:4      | Killed dracfodder's ghost
  4064 | D:5      | Entered Level 5 of the Dungeon
  4436 | D:5      | Noticed Sigmund
  4458 | D:5      | Killed Sigmund
  4459 | D:5      | Reached skill level 10 in Axes
  4459 | D:5      | Reached XP level 9. HP: 64/64 MP: 12/12
  4483 | D:5      | Noticed Grinder
  4505 | D:5      | Killed Grinder
  4506 | D:5      | Reached skill level 5 in Invocations
  4767 | D:5      | Noticed Prince Ribbit
  4786 | D:5      | Killed Prince Ribbit
  5010 | D:5      | Identified the +4 robe of Rationality {rN+ rCorr Str+4
                  | Int+2}
  5365 | D:5      | Reached skill level 11 in Axes
  5413 | D:6      | Found a broken altar of Ashenzari.
  5432 | D:6      | Noticed Maggie
  5466 | D:6      | Killed Maggie
  6082 | D:6      | Found an opulent altar of Gozag.
  6168 | D:6      | Found a burning altar of Makhleb.
  6306 | D:6      | Found an ancient bone altar of Kikubaaqudgha.
  6420 | D:6      | Noticed Menkaure
  6436 | D:6      | HP: 2/96 [Menkaure (15)]
  6441 | D:6      | Killed Menkaure
  6442 | D:6      | Reached XP level 10. HP: 3/70 MP: 15/15
  6573 | D:6      | Reached skill level 12 in Axes
  6908 | D:6      | Reached **** piety under Lugonu
  7378 | D:7      | Found a sand-covered staircase.
  7468 | Ossuary  | Entered an ossuary
  8092 | D:7      | Noticed a skeletal warrior
  8643 | D:7      | Reached skill level 13 in Axes
  8968 | D:7      | Noticed a skeletal warrior
  8968 | D:7      | Noticed a skeletal warrior
  9055 | D:8      | Reached ***** piety under Lugonu
  9101 | D:8      | Found a stormy altar of Qazlal.
  9141 | D:8      | Annihilated by an enormous slime creature

Illustrated notes

Levels and vault maps discovered:
D:1:      dpeg_arrival_fog, layout_rooms, basic_ecumenical_altar,
          bh_walls_and_bars
D:2:      layout_basic, uniq_crazy_yiuf_cottage
D:3:      layout_rooms, lemuel_zombie_altar_yredelemnul, serial_shops, shop
D:4:      layout_rooms, minmay_temple_entry_arrows, ebering_ghost_sewer_f,
          portal_sewer_entry_e, minmay_ruptured, uniq_blork_the_orc, uniq_pikel
D:5:      layout_basic, st_stairs_5, uniq_sigmund, uniq_grinder,
          uniq_prince_ribbit1
D:6:      layout_loops_ring, grunt_temple_overflow_open,
          mainiacjoe_overflow_catwalk,
          mainiacjoe_overflow_concentric_impassable, uniq_menkaure, uniq_maggie
D:7:      layout_basic, serial_shops, kennysheep_mini, enter_ossuary_3
D:8:      layout_rooms, nicolae_uskayaw_en_pointe, lemuel_tele_altar,
          nemelex_spade_bored_becter, david_lair_generic, lemuel_flame_loot_1,
          uniq_erica

Skill      XL: |  1  2  3  4  5  6  7  8  9 10 |
---------------+-------------------------------+-----
Axes           | 3 4 5 8 10 11 13 | 13.1
Invocations    | 4 7 8 |  8.6
Fighting       | |  3.2
Armour         | |  2.1
Dodging        | |  0.8

Action                   |  1- 3 |  4- 6 |  7- 9 | 10-12 || total
-------------------------+-------+-------+-------+-------++-------
Melee: Hand axe          |    77 |   131 |   279 |   265 ||   752
       Punch             |       |       |     3 |     4 ||     7
Invok: Depart the Abyss  |     1 |       |       |       ||     1
  Use: Potion            |       |       |     5 |       ||     5
       Scroll            |       |       |       |     5 ||     5
Armor: Leather armour    |    28 |    36 |    80 |    87 ||   231
       Chain mail        |       |     6 |       |       ||     6
       Skin              |       |       |     9 |       ||     9
       Scale mail        |       |       |       |    20 ||    20
Dodge: Dodged            |    54 |    82 |   119 |   127 ||   382

Table legend: (Time is in decaauts)
 A = Elapsed time spent in this place.
 B = Non-inter-level travel time spent in this place.
 C = Inter-level travel time spent in this place.
 D = Time resting spent in this place.
 E = Time spent auto-exploring this place.
 F = Levels seen in this place.
 G = Mean time per level.
                   A        B        C        D        E       F      G
               +--------+--------+--------+--------+--------+-----+--------+
         Total |   9023 |   8777 |    246 |    700 |   6412 |  10 |  902.3 |
       Dungeon |   8716 |   8470 |    246 |    700 |   6184 |   8 | 1089.5 |
         Abyss |      0 |      0 |      0 |      0 |      0 |   1 |    0.0 |
       Ossuary |    306 |    306 |      0 |      0 |    228 |   1 |  306.0 |
               +--------+--------+--------+--------+--------+-----+--------+

Top non-repeatable levels by time:
     D:6: 1983 daAuts
     D:5: 1709 daAuts
     D:4: 1472 daAuts
     D:2: 1100 daAuts
     D:1: 968 daAuts
     D:7: 822 daAuts
     D:3: 537 daAuts
 Ossuary: 306 daAuts
     D:8: 122 daAuts
